 Dungeon Crawl Stone Soup version 0.32-a0-900-g30fb1b0edc (console) character file.

Game seed: 6089891133765342421

13694 jejorda2 the Spear-Bearer (level 12, -11/145 HPs)
             Began as a Gnoll Berserker on Apr 5, 2024.
             Was a High Priest of Trog.
             Mangled by a boulder beetle (16 damage)
             ... on level 10 of the Dungeon.
             The game lasted 00:27:30 (11129 turns).

jejorda2 the Spear-Bearer (Gnoll Berserker)        Turns: 11129, Time: 00:27:31

Health: -11/145    AC: 26    Str: 23    XL:     12   Next: 8%
Magic:  22/22      EV:  9    Int:  6    God:    Trog [*****.]
Gold:   386        SH:  5    Dex: 14    Spells: 25/25 levels left

rFire   . . .        b - +4 dire flail
rCold   . . .        (shield currently unavailable)
rNeg    . . .        B - +0 plate armour
rPois   +            f - +0 helmet
rElec   .            (no cloak)
rCorr   .            q - +2 pair of gloves {Str+3}
SInv    .            c - +2 pair of boots
Will    .....        u - amulet of reflection Stlth
                     A - ring of poison resistance
HPRegen 0.44/turn    r - +4 ring of protection
MPRegen 0.18/turn

%: reflection
@: berserking, fragile (+50% incoming damage), very quick
A: fangs 1, strong nose, distributed training
a: Renounce Religion, Berserk, Trog's Hand, Brothers in Arms


You were on level 10 of the Dungeon.
You worshipped Trog.
Trog was extremely pleased with you.
You visited 1 branch of the dungeon, and saw 10 of its levels.
You also visited: Sewer.

You collected 758 gold pieces.
You spent 372 gold pieces at shops.

Inventory:

Hand Weapons
 a - a +5 spear
 b - a +4 dire flail (weapon)
 y - a +0 halberd
Missiles
 e - 32 poisoned darts (quivered)
 g - 4 throwing nets
 s - 3 boomerangs
 D - 4 silver javelins
Armour
 c - a +2 pair of boots (worn)
 f - a +0 helmet (worn)
 q - a +2 pair of gloves of strength (worn)
 B - a +0 plate armour (worn)
Jewellery
 j - a ring of protection from cold
 r - a +4 ring of protection (right hand)
 u - an amulet of reflection (around neck)
 A - a ring of poison resistance (left hand)
Wands
 o - a wand of warping (6)
 p - a wand of paralysis (29)
 C - a wand of flame (42)
Scrolls
 d - 2 scrolls of identify
 k - a scroll of blinking
 l - a scroll of teleportation
 m - 2 scrolls of enchant weapon
 t - 3 scrolls of revelation
 w - a scroll of enchant armour
 E - a scroll of fear
Potions
 h - a potion of resistance
 i - 5 potions of curing
 n - 2 potions of heal wounds
 v - 3 potions of enlightenment
 x - 2 potions of might {unknown}
 z - a potion of mutation
 F - a potion of attraction {unknown}


   Skills:
 + Level 9.8 Fighting
 + Level 7.2 Short Blades
 + Level 7.2 Long Blades
 + Level 7.2 Axes
 + Level 7.2 Maces & Flails
 + Level 9.8 Polearms
 + Level 7.2 Staves
 + Level 7.2 Ranged Weapons
 + Level 7.2 Throwing
 + Level 8.6 Armour
 + Level 8.6 Dodging
 + Level 7.2 Stealth
 + Level 7.2 Shields
 + Level 7.2 Unarmed Combat
 + Level 7.2 Spellcasting
 + Level 6.0 Conjurations
 + Level 6.0 Hexes
 + Level 6.0 Summonings
 + Level 6.0 Necromancy
 + Level 6.0 Translocations
 + Level 6.0 Fire Magic
 + Level 6.0 Ice Magic
 + Level 6.0 Air Magic
 + Level 6.0 Earth Magic
 + Level 6.0 Alchemy
 + Level 7.9 Invocations
 + Level 7.2 Evocations
 + Level 6.5 Shapeshifting


You had 25 spell levels left.
You didn't know any spells.
Your spell library was empty.

Dungeon Overview and Level Annotations

Branches:
Dungeon (10/15)            Temple (0/1) D:6            Lair (0/5) D:8
  Sewer (visited)
    Orc: D:9-12

Altars:
Cheibriados
Dithmenos
Okawaru
Trog
Uskayaw
Vehumet

Shops:
D:2 *   D:4 [   D:7 *   D:10 !


Innate Abilities, Weirdness & Mutations

You have very sharp teeth.
Your uncanny sense of smell can sniff out nearby items.
Your experience applies equally to all skills.


Message History

The boulder beetle bites you but does no damage.
Your Conjurations skill increases to level 6!
Your Hexes skill increases to level 6!
Your Summonings skill increases to level 6!
Your Necromancy skill increases to level 6!
Your Translocations skill increases to level 6!
Your Fire Magic skill increases to level 6!
Your Ice Magic skill increases to level 6!
Your Air Magic skill increases to level 6!
Your Earth Magic skill increases to level 6!
Your Alchemy skill increases to level 6!
You impale the boulder beetle!!
The boulder beetle is moderately wounded.
A vampire comes into view.
The boulder beetle bites you.
* * * LOW HITPOINT WARNING * * *
You puncture the boulder beetle!
The boulder beetle is moderately wounded.
You hit the boulder beetle but do no damage.
The boulder beetle is moderately wounded.
The boulder beetle bites you!
* * * LOW HITPOINT WARNING * * *
The kobold brigand throws a curare-tipped dart.
The curare-tipped dart barely misses you.
The boulder beetle attacks as it pursues you!
The boulder beetle bites you but does no damage.
You barely miss the boulder beetle.
The boulder beetle is moderately wounded.
You barely miss the boulder beetle.
The boulder beetle is moderately wounded.
You block the boulder beetle's attack.
You hit the boulder beetle but do no damage.
The boulder beetle is moderately wounded.
The boulder beetle bites you but does no damage.
You hit the boulder beetle.
The boulder beetle is heavily wounded.
You puncture the boulder beetle!
The boulder beetle is severely wounded.
The boulder beetle bites you!
You die...

#....###### #.....#
.....## #######.....#
....# #....#......# ####
##...........#
##..##..........#
########..#####.........
#.....)∩..#
####....###.#
....######..##..K.......
.# . #..@#..#.#.#.#..
##..B.# #####.
#.##$.'.... #.# .######
..# .. #..# .## ..## ..
... .# ..


You could see a boulder beetle.

Vanquished Creatures
  4 two-headed ogres
  A centaur warrior (D:10)
  The ghost of Monkooky the Grasshopper, a novice AtWr of the Shining One (D:5)
  An arcanist (D:8)
  A deep elf pyromancer (D:8)
  2 komodo dragons (D:8)
  3 trolls
  3 hornets
  2 glass eyes (D:10)
  2 shadows (D:10)
  A wraith (D:10)
  5 wyverns
  A basilisk (D:8)
  5 yaks (D:10)
  A steam dragon (D:8)
  2 acid dragons
  3 water moccasins
  2 ice beasts
  An ogre (D:6)
  3 sky beasts
  3 black bears
  2 orc warriors (D:10)
  A swamp drake (D:8)
  4 centaurs
  A phantom (D:6)
  2 kobold brigands (D:9)
  A brain worm (Sewer)
  8 bullfrogs
  A scorpion (D:6)
  21 wights
  A wyvern skeleton (D:5)
  3 howler monkeys
  A bullfrog zombie (D:5)
  3 orc priests
  A hound (D:4)
  2 bombardier beetles (D:4)
  3 gnoll boudas
  2 iguanas (D:6)
  8 orc wizards
  21 gnolls
  9 adders
  4 river rats (Sewer)
  2 shadow imps (D:6)
  A white imp (D:8)
  2 dart slugs
  23 orcs
  13 endoplasms
  7 giant cockroaches
  3 goblins
  5 hobgoblins
  12 jackals
  4 quokkas
  13 ball pythons
  9 bats
  8 frilled lizards
  21 kobolds
  8 rats
277 creatures vanquished.

Notes
Turn   | Place    | Note
-------+----------+-------------------------------------------
     0 | D:1      | jejorda2 the Gnoll Berserker began the quest for the Orb.
     0 | D:1      | Reached XP level 1. HP: 23/23 MP: 1/1
   125 | D:1      | Reached XP level 2. HP: 29/29 MP: 2/2
   525 | D:1      | Reached XP level 3. HP: 31/35 MP: 3/3
   641 | D:1      | Reached ** piety under Trog
   959 | D:2      | Reached skill level 1 in Invocations
  1073 | D:2      | Reached skill level 1 in Short Blades
  1073 | D:2      | Reached skill level 1 in Long Blades
  1073 | D:2      | Reached skill level 1 in Axes
  1073 | D:2      | Reached skill level 1 in Maces & Flails
  1073 | D:2      | Reached skill level 1 in Staves
  1073 | D:2      | Reached skill level 1 in Ranged Weapons
  1073 | D:2      | Reached skill level 1 in Throwing
  1073 | D:2      | Reached skill level 1 in Stealth
  1073 | D:2      | Reached skill level 1 in Shields
  1073 | D:2      | Reached skill level 1 in Unarmed Combat
  1073 | D:2      | Reached skill level 1 in Spellcasting
  1073 | D:2      | Reached skill level 1 in Evocations
  1172 | D:2      | Found Iholoi's Assorted Antiques.
  1206 | D:2      | Bought a scroll labelled BISEAPU URHES for 24 gold pieces
  1206 | D:2      | Bought a red potion for 21 gold pieces
  1417 | D:2      | Reached skill level 1 in Shapeshifting
  1417 | D:2      | Reached XP level 4. HP: 31/41 MP: 5/5
  1503 | D:2      | Reached skill level 1 in Conjurations
  1503 | D:2      | Reached skill level 1 in Hexes
  1503 | D:2      | Reached skill level 1 in Summonings
  1503 | D:2      | Reached skill level 1 in Necromancy
  1503 | D:2      | Reached skill level 1 in Translocations
  1503 | D:2      | Reached skill level 1 in Fire Magic
  1503 | D:2      | Reached skill level 1 in Ice Magic
  1503 | D:2      | Reached skill level 1 in Air Magic
  1503 | D:2      | Reached skill level 1 in Earth Magic
  1503 | D:2      | Reached skill level 1 in Alchemy
  2031 | D:3      | Reached XP level 5. HP: 13/47 MP: 5/7
  2189 | D:3      | Reached *** piety under Trog
  2260 | D:3      | Found a bloodstained altar of Trog.
  2400 | D:3      | Found a faded altar of an unknown god.
  2899 | D:4      | Reached XP level 6. HP: 50/53 MP: 8/8
  3074 | D:4      | Found a glowing drain.
  3074 | D:4      | Identified the +0 scale mail "Leilusm" {rPois Regen+ SInv
                  | Stlth+}
  3082 | D:4      | Reached skill level 5 in Armour
  3082 | D:4      | Reached skill level 5 in Dodging
  3108 | Sewer    | Entered a sewer
  3926 | D:4      | Reached **** piety under Trog
  3933 | D:4      | Noticed a black bear
  3944 | D:4      | Reached XP level 7. HP: 60/60 MP: 10/10
  4073 | D:4      | Found Eceotoh's Armour Emporium.
  4649 | D:5      | Entered Level 5 of the Dungeon
  5149 | D:5      | Found a snail-covered altar of Cheibriados.
  5232 | D:5      | Found a runed translucent gate.
  5239 | D:5      | Found a runed translucent gate.
  5240 | D:5      | Noticed Monkooky's ghost (novice AtWr)
  5241 | D:5      | Found a runed translucent gate.
  5481 | D:5      | Killed Monkooky's ghost
  5482 | D:5      | Reached XP level 8. HP: 62/67 MP: 11/13
  5568 | D:4      | Bought a +2 pair of gloves of strength for 301 gold pieces
  5715 | D:6      | Found a shadowy altar of Dithmenos.
  5782 | D:6      | Found a staircase to the Ecumenical Temple.
  5849 | D:6      | Reached XP level 9. HP: 73/73 MP: 13/15
  6655 | D:7      | Reached skill level 5 in Invocations
  7143 | D:7      | Reached skill level 5 in Short Blades
  7143 | D:7      | Reached skill level 5 in Long Blades
  7143 | D:7      | Reached skill level 5 in Axes
  7143 | D:7      | Reached skill level 5 in Maces & Flails
  7143 | D:7      | Reached skill level 5 in Staves
  7143 | D:7      | Reached skill level 5 in Ranged Weapons
  7143 | D:7      | Reached skill level 5 in Throwing
  7143 | D:7      | Reached skill level 5 in Stealth
  7143 | D:7      | Reached skill level 5 in Shields
  7143 | D:7      | Reached skill level 5 in Unarmed Combat
  7143 | D:7      | Reached skill level 5 in Spellcasting
  7143 | D:7      | Reached skill level 5 in Evocations
  7143 | D:7      | Reached XP level 10. HP: 81/81 MP: 17/17
  7209 | D:7      | Found Woeg's Assorted Antiques.
  7212 | D:7      | Bought a scroll labelled TEIRUO HIUCONERGH for 26 gold
                  | pieces
  7645 | D:8      | Noticed a two-headed ogre
  7652 | D:8      | Killed a two-headed ogre
  7731 | D:8      | Noticed a deep elf pyromancer
  7763 | D:8      | Killed a deep elf pyromancer
  7764 | D:8      | Reached skill level 5 in Shapeshifting
  8089 | D:8      | Noticed a two-headed ogre
  8114 | D:8      | Killed a two-headed ogre
  8433 | D:8      | Noticed an arcanist
  8443 | D:8      | Killed an arcanist
  8444 | D:8      | Reached skill level 5 in Conjurations
  8444 | D:8      | Reached skill level 5 in Hexes
  8444 | D:8      | Reached skill level 5 in Summonings
  8444 | D:8      | Reached skill level 5 in Necromancy
  8444 | D:8      | Reached skill level 5 in Translocations
  8444 | D:8      | Reached skill level 5 in Fire Magic
  8444 | D:8      | Reached skill level 5 in Ice Magic
  8444 | D:8      | Reached skill level 5 in Air Magic
  8444 | D:8      | Reached skill level 5 in Earth Magic
  8444 | D:8      | Reached skill level 5 in Alchemy
  8444 | D:8      | Reached XP level 11. HP: 49/89 MP: 18/20
  8450 | D:8      | Reached ***** piety under Trog
  9128 | D:8      | Found a staircase to the Lair.
 10291 | D:9      | Found a radiant altar of Vehumet.
 10412 | D:9      | Found an iron altar of Okawaru.
 10412 | D:9      | Found a hide-covered altar of Uskayaw.
 10618 | D:10     | Entered Level 10 of the Dungeon
 10813 | D:10     | Noticed a two-headed ogre
 10826 | D:10     | Killed a two-headed ogre
 11030 | D:10     | Noticed a two-headed ogre
 11034 | D:10     | Found Qiuru's Distillery.
 11052 | D:10     | Killed a two-headed ogre
 11107 | D:10     | Reached XP level 12. HP: 74/97 MP: 22/22
 11108 | D:10     | Noticed a centaur warrior
 11116 | D:10     | Noticed a boulder beetle
 11120 | D:10     | Killed a centaur warrior
 11123 | D:10     | HP: 4/145 [boulder beetle (10)]
 11129 | D:10     | Mangled by a boulder beetle

Illustrated notes

Levels and vault maps discovered:
D:1:      lightli_molten_gateway, layout_loops_ring
D:2:      minmay_razor_zed, layout_loops_corners, serial_shops,
          nicolae_shop_tiny_waterfront
D:3:      layout_loops_ring, bloody_trog, hellmonk_ecumenical_altar_slurped_away
D:4:      layout_loops_ring, portal_sewer_entry_a, serial_shops,
          kennysheep_little_box, chequers_decorated_corner
D:5:      layout_loops_corners, cheibriados_altar_1, gammafunk_ghost_necromancy,
          hangedman_decor_points
D:6:      layout_loops_ring, grunt_dithmenos_smoke, minmay_temple_entry_hall
D:7:      layout_basic, serial_shops, kennysheep_mini
D:8:      minmay_ornate_pinched, layout_basic, erik_lair_dragon, kb_rosetta
D:9:      layout_roguey, gammafunk_temple_overflow_elements, lemuel_tele_altar
D:10:     layout_layer_cave, old_standard_altar, gammafunk_ghost_smash,
          serial_shops, shop, minmay_variable_closet, small_statue_intersection,
          onia_ninara_cookie

Skill      XL: |  1  2  3  4  5  6  7  8  9 10 11 12 |
---------------+-------------------------------------+-----
Invocations    | 1 2 3 4 5 6 7 |  7.9
Short Blades   | 1 2 3 4 5 6 7 |  7.2
Long Blades    | 1 2 3 4 5 6 7 |  7.2
Axes           | 1 2 3 4 5 6 7 |  7.2
Maces & Flails | 1 2 3 4 5 6 7 |  7.2
Staves         | 1 2 3 4 5 6 7 |  7.2
Ranged Weapons | 1 2 3 4 5 6 7 |  7.2
Throwing       | 1 2 3 4 5 6 7 |  7.2
Stealth        | 1 2 3 4 5 6 7 |  7.2
Shields        | 1 2 3 4 5 6 7 |  7.2
Unarmed Combat | 1 2 3 4 5 6 7 |  7.2
Spellcasting   | 1 2 3 4 5 6 7 |  7.2
Evocations     | 1 2 3 4 5 6 7 |  7.2
Shapeshifting  | 1 2 3 4 5 6 |  6.5
Conjurations   | 1 2 3 4 5 6 |  6.0
Hexes          | 1 2 3 4 5 6 |  6.0
Summonings     | 1 2 3 4 5 6 |  6.0
Necromancy     | 1 2 3 4 5 6 |  6.0
Translocations | 1 2 3 4 5 6 |  6.0
Fire Magic     | 1 2 3 4 5 6 |  6.0
Ice Magic      | 1 2 3 4 5 6 |  6.0
Air Magic      | 1 2 3 4 5 6 |  6.0
Earth Magic    | 1 2 3 4 5 6 |  6.0
Alchemy        | 1 2 3 4 5 6 |  6.0
Armour         | 5 6 7 8 |  8.6
Dodging        | 5 6 7 8 |  8.6
Fighting       | 7 8 9 |  9.8
Polearms       | 7 8 9 |  9.8

Action                     |  1- 3 |  4- 6 |  7- 9 | 10-12 || total
---------------------------+-------+-------+-------+-------++-------
  Melee: Spear             |   141 |   321 |   262 |     8 ||   732
         Bite              |     8 |    16 |    39 |    48 ||   111
         Halberd           |       |       |    90 |       ||    90
         Dire flail        |       |       |       |   407 ||   407
  Throw: Dart              |       |       |       |    17 ||    17
 Invoke: Berserk           |       |     3 |     4 |     8 ||    15
         Trog's Hand       |       |       |       |     3 ||     3
    Use: Scroll            |       |     7 |     8 |     4 ||    19
   Stab: Sleeping          |     2 |     1 |     4 |     1 ||     8
         Distracted        |       |       |     1 |       ||     1
 Armour: Leather armour    |    27 |       |       |       ||    27
         Animal skin       |     4 |       |       |       ||     4
         Chain mail        |    11 |    70 |       |       ||    81
         Ring mail         |     9 |       |       |       ||     9
         Scale mail        |       |    98 |   128 |     3 ||   229
         Plate armour      |       |       |       |   311 ||   311
  Dodge: Dodged            |    67 |   156 |   121 |   141 ||   485
  Block: Other             |       |       |       |    55 ||    55
         Reflection        |       |       |       |     4 ||     4

Table legend: (Time is in decaauts)
 A = Elapsed time spent in this place.
 B = Non-inter-level travel time spent in this place.
 C = Inter-level travel time spent in this place.
 D = Time resting spent in this place.
 E = Time spent auto-exploring this place.
 F = Levels seen in this place.
 G = Mean time per level.
                   A        B        C        D        E       F      G
               +--------+--------+--------+--------+--------+-----+--------+
         Total |  11291 |  10359 |    932 |    917 |   6966 |  11 | 1026.5 |
       Dungeon |  10308 |   9376 |    932 |    856 |   6368 |  10 | 1030.8 |
         Sewer |    982 |    982 |      0 |     61 |    597 |   1 |  982.0 |
               +--------+--------+--------+--------+--------+-----+--------+

Top non-repeatable levels by time:
     D:8: 1911 daAuts
     D:4: 1222 daAuts
     D:2: 1163 daAuts
     D:6: 1033 daAuts
     D:7: 1028 daAuts
   Sewer: 982 daAuts
     D:3: 946 daAuts
     D:5: 892 daAuts
     D:9: 847 daAuts
     D:1: 759 daAuts
    D:10: 502 daAuts
